 Dungeon Crawl Stone Soup version 0.27.1-4-g1640c2035a (webtiles) character file.

Game seed: 8650108589417843225

79 FreshCat the Cudgeller (level 4, -6/19 (45) HPs)
             Began as a Troll Chaos Knight on Nov 2, 2021.
             Was a Plaything of Xom.
             Killed from afar by an orc wizard (8 damage)
             ... with a puff of flame
             ... on level 3 of the Dungeon.
             The game lasted 00:05:59 (1339 turns).

FreshCat the Cudgeller (Troll Chaos Knight)         Turns: 1339, Time: 00:06:00

HP:   -6/19 (45)    AC:  7    Str: 21    XL:     4   Next: 17%
MP:   3/3           EV: 10    Int:  8    God:    Xom [..*...]
Gold: 61            SH:  0    Dex: 15    Spells: 3/3 levels left

rFire    . . .     SeeInvis .   a - +0 mace (chaos)
rCold    . . .     Faith    .   (no shield)
rNeg     . . .     Spirit   .   b - +2 robe
rPois    .         Reflect  .   (helmet restricted)
rElec    .         Harm     .   c - +0 cloak
rCorr    .         Rampage  .   (gloves unavailable)
Will     .....                  (boots unavailable)
Stlth    +.........             g - amulet of the acrobat
HPRegen  1.06/turn              e - +6 ring of dexterity
MPRegen  0.08/turn              (no ring)

@: extremely drained, invisible
A: large, unfitting armour, claws 3, regeneration 1, shaggy fur 1, tough skin 1
a: Renounce Religion


You were on level 3 of the Dungeon.
You worshipped Xom.
You were a toy of Xom.
You visited 1 branch of the dungeon, and saw 3 of its levels.

You collected 61 gold pieces.

Inventory:

Hand Weapons
 a - a +0 mace of chaos (weapon)
Missiles
 i - 10 stones (quivered)
 o - 4 boomerangs
Armour
 b - a +2 robe (worn)
 c - a +0 cloak (worn)
Jewellery
 e - a +6 ring of dexterity (left claw)
 g - an amulet of the acrobat (around neck)
Scrolls
 f - a scroll of noise {unknown}
 h - a scroll of immolation {unknown}
 l - a scroll of silence {unknown}
Potions
 d - a potion of resistance {unknown}
 j - a potion of brilliance {unknown}
 k - a potion of invisibility
 m - a potion of haste {unknown}
 n - a potion of magic {unknown}


   Skills:
 + Level 3.0 Fighting
 + Level 3.9 Maces & Flails
 + Level 2.1 Dodging


You had 3 spell levels left.
You didn't know any spells.
Your spell library was empty.

Dungeon Overview and Level Annotations

Branches:
Dungeon (3/15)

Altars:
Wu Jian
Zin


Innate Abilities, Weirdness & Mutations

You are too large for most types of armour.
You have claws for hands.
Your natural rate of healing is unusually fast.
You are covered in fur. (AC +1)
You have tough skin. (AC +1)


Message History

Something hits you.
You feel drained.
You feel less confused. Something misses you.
You hear some strange, mumbled words.
You are confused.
You nearly stumble into some deep water!
Something hits you.
You feel drained.
You nearly stumble into some deep water!
Something hits you.
You feel drained.
You hear some strange, mumbled words.
A magic dart appears from out of thin air!
The magic dart hits you but does no damage.
You miss something. Something hits you but does no damage.
You feel drained.
You nearly stumble into some deep water!
Something hits you but does no damage.
You feel drained. Something hits you.
You feel drained. The orc hits you with a +0 flail.
You nearly stumble into some deep water!
Something hits you but does no damage.
You feel drained. The orc hits you with a +0 flail.
You nearly stumble into some deep water!
You feel less confused. Something hits you.
You feel drained. Something hits you but does no damage.
You feel drained. The orc misses you.
You barely miss something. Something hits you but does no damage.
You feel drained. The orc hits you with a +0 flail.
You hear some strange, mumbled words.
A magic dart appears from out of thin air!
The magic dart hits you!
* * * LOW HITPOINT WARNING * * *
You miss something. Something hits you but does no damage.
You feel drained. The orc hits you with a +0 flail.
* * * LOW HITPOINT WARNING * * *
Something hits you but does no damage.
You feel drained.
It was a potion of invisibility.
You fade into invisibility!
The orc closely misses you.
You hear some strange, mumbled words.
A puff of flame appears from out of thin air!
The puff of flame hits you!
You die...

#.≈.#.###.≈.#
#.≈.#..(#.(.#
####.≈.#._.#.≈.#
....≈.#...#.≈.#
#..≈.###.#.≈.####
#.≈.......≈..... ##
##.≈≈≈≈≈≈≈≈≈.#
#...###..)....†.@{.######
#.......#....#.o.......
#...###.#...##...########
# #.##.....)##
#.#######.# #.####.###
#.# #........# #.#
######.#.# #.#
#######.#.# ..#


You could see an orc.

Vanquished Creatures
  2 adders
  A worm (D:2)
  3 dart slugs
  3 orcs (D:3)
  4 bats
  6 endoplasms
  A giant cockroach (D:2)
  A goblin (D:1)
  4 hobgoblins
  5 jackals
  4 quokkas
  3 ball pythons
  3 frilled lizards (D:2)
  2 kobolds
  3 rats
45 creatures vanquished.

Notes
Turn   | Place    | Note
-------+----------+-------------------------------------------
     0 | D:1      | FreshCat the Troll Chaos Knight began the quest for the
                  | Orb.
     0 | D:1      | Reached XP level 1. HP: 22/22 MP: 0/0
   138 | D:1      | XOM: potion effect (brilliance)
   230 | D:1      | Reached XP level 2. HP: 29/29 MP: 1/1
   626 | D:1      | Reached XP level 3. HP: 36/36 MP: 2/2
   651 | D:1      | XOM: cloud trail
   974 | D:2      | Found an ornate altar of the Wu Jian Council.
  1091 | D:2      | Found a faded altar of an unknown god.
  1285 | D:3      | Reached XP level 4. HP: 45/45 MP: 3/3
  1291 | D:3      | Found a glowing silver altar of Zin.
  1338 | D:3      | HP: 1/20 [orc (2)]
  1339 | D:3      | Killed from afar by an orc wizard

Illustrated notes

Levels and vault maps discovered:
D:1:      dpeg_arrival_shelter, layout_basic, corexii_corridor_pit
D:2:      layout_rooms, basic_altar, hellmonk_ecumenical_altar_slurped_away
D:3:      layout_loops_ring, mainiacjoe_overflow_brackets,
          mainiacjoe_overflow_24_doors, minmay_misc_feat_doors

Skill      XL: |  1  2  3 |
---------------+----------+-----
Dodging        | 2 |  2.1
Maces & Flails | 3 |  3.9
Fighting       | 3 |  3.0

Action                   |  1- 3 |  4- 6 || total
-------------------------+-------+-------++-------
Melee: Mace              |    97 |    15 ||   112
Throw: Stone             |     1 |     4 ||     5
  Use: Potion            |       |     1 ||     1
 Stab: Sleeping          |     1 |       ||     1
Armor: Robe              |    31 |    16 ||    47
Dodge: Dodged            |    52 |     6 ||    58
